[Event "GambitGuide"]
[Site "Internet Chess Club"]
[Date "2014.10.30"]
[Round "1"]
[White "JSBach"]
[Black "zigzag2002"]
[Result "0-1"]
[ICCResult "White checkmated"]
[WhiteElo "1662"]
[BlackElo "1915"]
[Opening "Vienna: `Frankenstein-Dracula' variation"]
[ECO "C27"]
[NIC "VG.02"]
[Time "16:47:39"]
[TimeControl "120+12"]

1. e4 e5 2. Nc3 Nf6 3. Bc4 Nxe4 4. Qh5 Nd6 5. Bb3 Nc6 6. Nb5 g6 7. Qf3 f5 8.
Qd5 Qe7 9. Nxc7+ Kd8 10. Nxa8 b6 11. Ba4 Bb7 12. Nxb6 axb6 13. Qb3 Kc7 14.
Ne2 Bg7 15. O-O Qg5 16. Re1 Nd4 17. Qc3+ Kb8 18. Ng3 f4 19. Qb4 Bf8 20. d3
Qg4 21. f3 Nxf3+ 22. gxf3 Qxf3 23. Ne4 Nxe4 24. Rxe4 Bxb4 25. Bxf4 Bxe4 26.
Bxe5+ d6 27. Bxd6+ Bxd6 28. dxe4 Bc5# {White checkmated} 0-1

[Event "GambitGuide"]
[Site "Internet Chess Club"]
[Date "2014.10.30"]
[Round "1"]
[White "JSBach"]
[Black "kukoforever"]
[Result "1-0"]
[ICCResult "Black resigns"]
[WhiteElo "1662"]
[BlackElo "2134"]
[Opening "Vienna: `Frankenstein-Dracula' variation"]
[ECO "C27"]
[NIC "VG.02"]
[Time "16:48:04"]
[TimeControl "120+12"]

1. e4 e5 2. Nc3 Nf6 3. Bc4 Nxe4 4. Qh5 Nd6 5. Bb3 Nc6 6. Nb5 g6 7. Qf3 f5 8.
Qd5 Qe7 9. Nxc7+ Kd8 10. Nxa8 b6 11. Ba4 Bb7 12. Nxb6 axb6 13. Qb3 Kc7 14.
Ne2 Bg7 15. a3 Ne4 16. Qe3 Nc5 17. Nc3 Nxa4 18. Nd5+ Kd6 19. Nxe7 Kxe7 20.
Qb3 Nc5 21. Qxb6 Rc8 22. Qxc5+ {Black resigns} 1-0

[Event "GambitGuide"]
[Site "Internet Chess Club"]
[Date "2014.10.30"]
[Round "1"]
[White "JSBach"]
[Black "mikyoo"]
[Result "0-1"]
[ICCResult "White checkmated"]
[WhiteElo "1662"]
[BlackElo "1387"]
[Opening "Vienna: `Frankenstein-Dracula' variation"]
[ECO "C27"]
[NIC "VG.02"]
[Time "16:48:00"]
[TimeControl "120+12"]

1. e4 e5 2. Nc3 Nf6 3. Bc4 Nxe4 4. Qh5 Nd6 5. Bb3 Nc6 6. Nb5 g6 7. Qf3 f5 8.
Qd5 Qe7 9. Nxc7+ Kd8 10. Nxa8 b6 11. Ba4 Bb7 12. Nxb6 axb6 13. Qb3 b5 14.
Nf3 bxa4 15. Qxa4 e4 16. Nd4 Nxd4 17. Qxd4 Bg7 18. Qc5 Re8 19. Qb6+ Kc8 20.
Qc5+ Bc6 21. a4 f4 22. Qb6 e3 23. O-O e2 24. Re1 f3 25. g3 Qe6 26. d3 Qh3
27. Qa6+ Bb7 28. Qxb7+ Kxb7 29. c3 Qg2# {White checkmated} 0-1

[Event "GambitGuide"]
[Site "Internet Chess Club"]
[Date "2014.10.30"]
[Round "1"]
[White "JSBach"]
[Black "Zheus"]
[Result "1-0"]
[ICCResult "Black resigns"]
[WhiteElo "1662"]
[BlackElo "2019"]
[Opening "Vienna: `Frankenstein-Dracula' variation"]
[ECO "C27"]
[NIC "VG.02"]
[Time "16:47:38"]
[TimeControl "120+12"]

1. e4 e5 2. Nc3 Nf6 3. Bc4 Nxe4 4. Qh5 Nd6 5. Bb3 Nc6 6. Nb5 g6 7. Qf3 f5 8.
Qd5 Qe7 9. Nxc7+ Kd8 10. Nxa8 b6 11. Ba4 b5 12. Bxb5 Nxb5 13. Qxb5 Nd4 14.
Qa5+ Ke8 15. Nc7+ Kf7 16. Qc3 Qg5 17. Qc4+ Kg7 18. Ne8+ Kh6 19. d3 f4 20.
Bxf4 exf4 21. Qxd4 Bb4+ 22. Kf1 Rxe8 23. Qxb4 a5 24. Qd6 Bb7 25. f3 Qb5 26.
Qxf4+ Kg7 27. Qd4+ Kh6 28. Re1 {Black resigns} 1-0

[Event "GambitGuide"]
[Site "Internet Chess Club"]
[Date "2014.10.30"]
[Round "1"]
[White "JSBach"]
[Black "Zheus"]
[Result "1-0"]
[ICCResult "Black resigns"]
[WhiteElo "1662"]
[BlackElo "2019"]
[Opening "Vienna: `Frankenstein-Dracula' variation"]
[ECO "C27"]
[NIC "VG.02"]
[Time "16:49:46"]
[TimeControl "120+12"]

1. e4 e5 2. Nc3 Nf6 3. Bc4 Nxe4 4. Qh5 Nd6 5. Bb3 Nc6 6. Nb5 g6 7. Qf3 f5 8.
Qd5 Qe7 9. Nxc7+ Kd8 10. Nxa8 b6 11. Ba4 Qg5 12. d3 f4 13. Ne2 Bb7 14. Bxf4
Qf6 15. Bxc6 Bxc6 16. Qxe5 Qxe5 17. Bxe5 Bxg2 18. Rg1 {Black resigns} 1-0

[Event "GambitGuide"]
[Site "Internet Chess Club"]
[Date "2014.10.30"]
[Round "1"]
[White "JSBach"]
[Black "mikyoo"]
[Result "0-1"]
[ICCResult "White checkmated"]
[WhiteElo "1662"]
[BlackElo "1387"]
[Opening "Vienna: `Frankenstein-Dracula' variation"]
[ECO "C27"]
[NIC "VG.02"]
[Time "16:49:53"]
[TimeControl "120+12"]

1. e4 e5 2. Nc3 Nf6 3. Bc4 Nxe4 4. Qh5 Nd6 5. Bb3 Nc6 6. Nb5 g6 7. Qf3 f5 8.
Qd5 Qe7 9. Nxc7+ Kd8 10. Nxa8 b6 11. Ba4 Bb7 12. Nxb6 axb6 13. Qb3 b5 14.
Nf3 bxa4 15. Qxa4 e4 16. Nd4 Nxd4 17. Qxd4 Bg7 18. Qc5 Re8 19. Qb6+ Kc8 20.
c3 f4 21. O-O f3 22. g3 Qe6 23. Re1 Qh3 24. Qc5+ Bc6 25. Qxc6+ dxc6 26. a4
Qg2# {White checkmated} 0-1

[Event "GambitGuide"]
[Site "Internet Chess Club"]
[Date "2014.10.30"]
[Round "1"]
[White "JSBach"]
[Black "coleman"]
[Result "1-0"]
[ICCResult "Black resigns"]
[WhiteElo "1662"]
[BlackElo "1329"]
[Opening "Vienna: `Frankenstein-Dracula' variation"]
[ECO "C27"]
[NIC "VG.02"]
[Time "16:46:38"]
[TimeControl "120+12"]

1. e4 e5 2. Nc3 Nf6 3. Bc4 Nxe4 4. Qh5 Nd6 5. Bb3 Nc6 6. Nb5 g6 7. Qf3 f5 8.
Qd5 Qe7 9. Nxc7+ Kd8 10. Nxa8 b6 11. Ba4 Bb7 12. Nxb6 axb6 13. Qb3 Kc7 14.
Ne2 Ba6 15. Nc3 Bc4 16. Nd5+ Bxd5 17. Qxd5 Bg7 18. c3 Re8 19. Bb3 e4 20. O-O
f4 21. f3 e3 22. Re1 Qh4 23. Re2 exd2 24. Qxd2 Rxe2 25. Qxe2 Nf5 26. Qe4 Ne3
27. Bxe3 {Black resigns} 1-0

[Event "GambitGuide"]
[Site "Internet Chess Club"]
[Date "2014.10.30"]
[Round "1"]
[White "JSBach"]
[Black "Zheus"]
[Result "1-0"]
[ICCResult "Black resigns"]
[WhiteElo "1662"]
[BlackElo "2019"]
[Opening "Vienna: `Frankenstein-Dracula' variation"]
[ECO "C27"]
[NIC "VG.02"]
[Time "16:50:40"]
[TimeControl "120+12"]

1. e4 e5 2. Nc3 Nf6 3. Bc4 Nxe4 4. Qh5 Nd6 5. Bb3 Nc6 6. Nb5 g6 7. Qf3 f5 8.
Qd5 Qe7 9. Nxc7+ Kd8 10. Nxa8 b6 11. Ba4 Bb7 12. Nxb6 axb6 13. Qb3 Qg5 14.
Qxb6+ Ke8 15. g3 Nd4 16. h4 Qg4 17. Rh2 Bh6 18. Qxd6 {Black resigns} 1-0

[Event "GambitGuide"]
[Site "Internet Chess Club"]
[Date "2014.10.30"]
[Round "1"]
[White "JSBach"]
[Black "mikyoo"]
[Result "1-0"]
[ICCResult "Black resigns"]
[WhiteElo "1662"]
[BlackElo "1387"]
[Opening "Vienna: `Frankenstein-Dracula' variation"]
[ECO "C27"]
[NIC "VG.02"]
[Time "16:51:02"]
[TimeControl "120+12"]

1. e4 e5 2. Nc3 Nf6 3. Bc4 Nxe4 4. Qh5 Nd6 5. Bb3 Nc6 6. Nb5 g6 7. Qf3 f5 8.
Qd5 Qe7 9. Nxc7+ Kd8 10. Nxa8 b6 11. Ba4 Bb7 12. Nxb6 axb6 13. Qb3 b5 14.
Nf3 bxa4 15. Qxa4 e4 16. Nd4 Nxd4 17. Qxd4 Bg7 18. Qc5 Re8 19. Qb6+ Kc8 20.
a4 f4 21. a5 e3 22. Qc5+ Bc6 23. dxe3 fxe3 24. Bxe3 Nf5 25. Qxe7 Rxe7 26.
O-O-O Nxe3 27. fxe3 Rxe3 28. Rd2 Bh6 29. Kd1 Bxg2 30. Rxg2 {Black resigns}
1-0

[Event "GambitGuide"]
[Site "Internet Chess Club"]
[Date "2014.10.30"]
[Round "1"]
[White "JSBach"]
[Black "coleman"]
[Result "1-0"]
[ICCResult "Black resigns"]
[WhiteElo "1662"]
[BlackElo "1329"]
[Opening "Vienna: `Frankenstein-Dracula' variation"]
[ECO "C27"]
[NIC "VG.02"]
[Time "16:50:42"]
[TimeControl "120+12"]

1. e4 e5 2. Nc3 Nf6 3. Bc4 Nxe4 4. Qh5 Nd6 5. Bb3 Nc6 6. Nb5 g6 7. Qf3 f5 8.
Qd5 Qe7 9. Nxc7+ Kd8 10. Nxa8 b6 11. Ba4 Bb7 12. Nxb6 axb6 13. Qb3 Kc7 14.
Ne2 Bg7 15. Nc3 Nd4 16. Nd5+ Bxd5 17. Qxd5 Qg5 18. c3 Nc6 19. d4 f4 20. g3
exd4 21. Qxg5 {Black resigns} 1-0

[Event "GambitGuide"]
[Site "Internet Chess Club"]
[Date "2014.10.30"]
[Round "1"]
[White "JSBach"]
[Black "wardjp"]
[Result "1-0"]
[ICCResult "Black resigns"]
[WhiteElo "1662"]
[BlackElo "1739"]
[Opening "Vienna: `Frankenstein-Dracula' variation"]
[ECO "C27"]
[NIC "VG.02"]
[Time "16:49:29"]
[TimeControl "120+12"]

1. e4 e5 2. Nc3 Nf6 3. Bc4 Nxe4 4. Qh5 Nd6 5. Bb3 Nc6 6. Nb5 g6 7. Qf3 f5 8.
Qd5 Qe7 9. Nxc7+ Kd8 10. Nxa8 b6 11. Ba4 Bb7 12. Nxb6 axb6 13. Qb3 Nd4 14.
Qxb6+ Ke8 15. Kf1 Bg7 16. c3 Ne6 17. d3 Kf7 18. Bd2 Ra8 19. Bb3 Ra6 20. Qb4
f4 21. Re1 Qg5 22. f3 Qf5 23. Bxe6+ Qxe6 24. a3 Qd5 25. d4 exd4 26. Ne2 Nc4
27. cxd4 Nxd2+ 28. Qxd2 Rb6 29. Qxf4+ Kg8 30. b4 Ba6 31. Qe4 Qa2 32. Qe8+
Bf8 33. Qxd7 Re6 34. b5 {Black resigns} 1-0

[Event "GambitGuide"]
[Site "Internet Chess Club"]
[Date "2014.10.30"]
[Round "1"]
[White "JSBach"]
[Black "coleman"]
[Result "1-0"]
[ICCResult "Black resigns"]
[WhiteElo "1662"]
[BlackElo "1329"]
[Opening "Vienna: `Frankenstein-Dracula' variation"]
[ECO "C27"]
[NIC "VG.02"]
[Time "16:53:00"]
[TimeControl "120+12"]

1. e4 e5 2. Nc3 Nf6 3. Bc4 Nxe4 4. Qh5 Nd6 5. Bb3 Nc6 6. Nb5 g6 7. Qf3 f5 8.
Qd5 Qe7 9. Nxc7+ Kd8 10. Nxa8 b6 11. Ba4 b5 12. Bxb5 {Black resigns} 1-0

[Event "GambitGuide"]
[Site "Internet Chess Club"]
[Date "2014.10.30"]
[Round "1"]
[White "JSBach"]
[Black "clicklock"]
[Result "1/2-1/2"]
[ICCResult "White stalemated"]
[WhiteElo "1662"]
[BlackElo "1336"]
[Opening "Vienna: `Frankenstein-Dracula' variation"]
[ECO "C27"]
[NIC "VG.02"]
[Time "16:48:39"]
[TimeControl "120+12"]

1. e4 e5 2. Nc3 Nf6 3. Bc4 Nxe4 4. Qh5 Nd6 5. Bb3 Nc6 6. Nb5 g6 7. Qf3 f5 8.
Qd5 Qe7 9. Nxc7+ Kd8 10. Nxa8 b6 11. Ba4 b5 12. Bxb5 Nxb5 13. Qxb5 Qb4 14.
Qxb4 Nxb4 15. Ke2 Nxc2 16. Rb1 Nd4+ 17. Kf1 Bb7 18. f4 Bxa8 19. fxe5 Be4 20.
Ra1 Nc2 21. Rb1 Ne3+ 22. dxe3 Bxb1 23. Nf3 Be4 24. Nd2 Bg7 25. Nxe4 fxe4 26.
e6 dxe6 27. Ke2 Ke7 28. Rd1 Rd8 29. Rxd8 Kxd8 30. Kf2 Ke7 31. b3 Kd6 32. Bd2
Be5 33. a4 Kc5 34. a5 Kb5 35. g3 Bc7 36. Bc3 Bxa5 37. Bd4 a6 38. Be5 Bb6 39.
Bd6 a5 40. h3 Bc5 41. Bc7 Bb6 42. Bd6 Bc5 43. Bc7 Bb4 44. Be5 Kc6 45. h4 Kd5
46. Bf6 e5 47. Ke2 Bc3 48. g4 Kc5 49. Kd1 Kb4 50. Kc2 Be1 51. Be7+ Kb5 52.
Bf6 Bg3 53. h5 gxh5 54. gxh5 Bf2 55. Kd2 Kb4 56. Ke2 Bg3 57. Bd8 Bh2 58. Bc7
Kxb3 59. Bxa5 Kc4 60. h6 Kd5 61. Bb4 Ke6 62. Kf1 Kf6 63. Kg2 Bf4 64. exf4
exf4 65. Bd6 Kf5 66. Kf2 Kg4 67. Bc5 e3+ 68. Bxe3 fxe3+ 69. Kxe3 Kh5 70. Kf4
Kxh6 71. Kg4 Kg6 72. Kh4 h6 73. Kg4 h5+ 74. Kh4 Kh6 75. Kh3 Kg5 76. Kg3 h4+
77. Kh3 Kh5 78. Kh2 Kg4 79. Kg2 h3+ 80. Kh2 Kh4 81. Kh1 Kg3 82. Kg1 Kg4 83.
Kh2 Kh4 84. Kh1 Kg4 85. Kh2 Kh4 86. Kh1 Kg3 87. Kg1 h2+ 88. Kh1 Kh3
{White stalemated}
1/2-1/2

[Event "GambitGuide"]
[Site "Internet Chess Club"]
[Date "2014.10.30"]
[Round "1"]
[White "JSBach"]
[Black "chigato"]
[Result "1-0"]
[ICCResult "Black resigns"]
[WhiteElo "1662"]
[BlackElo "1678"]
[Opening "Vienna: `Frankenstein-Dracula' variation"]
[ECO "C27"]
[NIC "VG.02"]
[Time "16:52:42"]
[TimeControl "120+12"]

1. e4 e5 2. Nc3 Nf6 3. Bc4 Nxe4 4. Qh5 Nd6 5. Bb3 Nc6 6. Nb5 g6 7. Qf3 f5 8.
Qd5 Qe7 9. Nxc7+ Kd8 10. Nxa8 b6 11. Ba4 Bb7 12. Nxb6 axb6 13. Qb3 Nd4 14.
Qxb6+ Ke8 15. Kf1 Bc6 16. Bxc6 Nxc6 17. Nf3 Kf7 18. d4 e4 19. Ng5+ Kg7 20.
Ke1 h6 21. d5 Ne5 22. Nh3 Nec4 23. Qc5 Qe5 24. Qc7 Qe7 25. b3 Ne5 26. Bf4 g5
27. Bxe5+ Kg8 28. Bxh8 Kxh8 29. a4 Bg7 30. c3 {Black resigns} 1-0

[Event "GambitGuide"]
[Site "Internet Chess Club"]
[Date "2014.10.30"]
[Round "1"]
[White "JSBach"]
[Black "Zheus"]
[Result "1-0"]
[ICCResult "Black resigns"]
[WhiteElo "1662"]
[BlackElo "2019"]
[Opening "Vienna: `Frankenstein-Dracula' variation"]
[ECO "C27"]
[NIC "VG.02"]
[Time "16:51:30"]
[TimeControl "120+12"]

1. e4 e5 2. Nc3 Nf6 3. Bc4 Nxe4 4. Qh5 Nd6 5. Bb3 Nc6 6. Nb5 g6 7. Qf3 f5 8.
Qd5 Qe7 9. Nxc7+ Kd8 10. Nxa8 b6 11. Ba4 Bb7 12. Nxb6 axb6 13. Qb3 Kc7 14.
Ne2 Qg5 15. Qg3 Qf6 16. Qd3 e4 17. Qd5 Bg7 18. c3 Nb4 19. Qd4 Nd3+ 20. Kf1
Qe7 21. Qe3 h5 22. Qg3 Qf7 23. h3 Be5 24. Qg5 Bf6 25. Qg3 Be5 26. Qg5 Bf6
27. Qg3 h4 28. Qe3 Rh5 29. Bb3 Qe7 30. Rg1 f4 31. Nxf4 Bg5 32. Nxg6 Qf6 33.
f4 Bh6 34. g4 hxg3 35. Rxg3 Nxf4 36. Qd4 Qxd4 37. cxd4 Nxg6 38. Rxg6 Rxh3
39. Kg2 Rh5 40. Kg3 Rg5+ 41. Rxg5 Bxg5 42. d5 Nf5+ 43. Kg4 {Black resigns}
1-0

[Event "GambitGuide"]
[Site "Internet Chess Club"]
[Date "2014.10.30"]
[Round "1"]
[White "JSBach"]
[Black "PazificDreams"]
[Result "1-0"]
[ICCResult "Black checkmated"]
[WhiteElo "1662"]
[BlackElo "2724"]
[Opening "Vienna: `Frankenstein-Dracula' variation"]
[ECO "C27"]
[NIC "VG.02"]
[Time "16:51:16"]
[TimeControl "120+12"]

1. e4 e5 2. Nc3 Nf6 3. Bc4 Nxe4 4. Qh5 Nd6 5. Bb3 Nc6 6. Nb5 g6 7. Qf3 f5 8.
Qd5 Qe7 9. Nxc7+ Kd8 10. Nxa8 b6 11. Ba4 Bb7 12. Nxb6 axb6 13. Qb3 Kc7 14.
Ne2 Ne4 15. Bb5 Na5 16. Qd3 Nc5 17. Qg3 Ne4 18. Qe3 f4 19. Qd3 Nc5 20. Qh3
h5 21. b4 Ne4 22. bxa5 Qc5 23. Qxd7+ Kb8 24. Qd8+ Bc8 25. Qxb6+ Qxb6 26.
axb6 Bc5 27. f3 Nd6 28. Bb2 Rh7 29. Bxe5 Re7 30. Bxf4 Kb7 31. Bd3 Kxb6 32.
Bxg6 Ba6 33. d3 Nb5 34. Be4 Na3 35. O-O-O Rf7 36. Rhe1 Bf2 37. Rf1 Bc5 38.
c4 Bb4 39. g4 h4 40. Be5 Ka5 41. g5 Ka4 42. g6 Re7 43. g7 Rxe5 44. g8=Q Ra5
45. Bc6+ Bb5 46. cxb5 Nxb5 47. Qb3# {Black checkmated} 1-0

[Event "GambitGuide"]
[Site "Internet Chess Club"]
[Date "2014.10.30"]
[Round "1"]
[White "JSBach"]
[Black "Zheus"]
[Result "1-0"]
[ICCResult "Black resigns"]
[WhiteElo "1662"]
[BlackElo "2019"]
[Opening "Vienna: `Frankenstein-Dracula' variation"]
[ECO "C27"]
[NIC "VG.02"]
[Time "16:53:54"]
[TimeControl "120+12"]

1. e4 e5 2. Nc3 Nf6 3. Bc4 Nxe4 4. Qh5 Nd6 5. Bb3 Nc6 6. Nb5 g6 7. Qf3 f5 8.
Qd5 Qe7 9. Nxc7+ Kd8 10. Nxa8 b6 11. Ba4 Bb7 12. Nxb6 axb6 13. Qb3 Kc7 14.
Ne2 Qg5 15. Qg3 Qf6 16. Nc3 f4 17. Nd5+ {Black resigns} 1-0

[Event "GambitGuide"]
[Site "Internet Chess Club"]
[Date "2014.10.30"]
[Round "1"]
[White "JSBach"]
[Black "kukoforever"]
[Result "0-1"]
[ICCResult "White checkmated"]
[WhiteElo "1662"]
[BlackElo "2134"]
[Opening "Vienna: `Frankenstein-Dracula' variation"]
[ECO "C27"]
[NIC "VG.02"]
[Time "16:48:53"]
[TimeControl "120+12"]

1. e4 e5 2. Nc3 Nf6 3. Bc4 Nxe4 4. Qh5 Nd6 5. Bb3 Nc6 6. Nb5 g6 7. Qf3 f5 8.
Qd5 Qe7 9. Nxc7+ Kd8 10. Nxa8 b6 11. Ba4 Bb7 12. Nxb6 axb6 13. Qb3 Kc7 14.
Ne2 Ne4 15. Qb5 Qc5 16. O-O d5 17. d3 Nd6 18. Qxc5 bxc5 19. Re1 Bg7 20. Be3
d4 21. Bg5 Ra8 22. Bb3 Na5 23. Ba4 Nc8 24. Be8 Nb6 25. Bb5 Bc6 26. Bxc6 Nxc6
27. a3 Re8 28. f3 Nd5 29. Kf2 h6 30. Bd2 g5 31. a4 Rf8 32. a5 e4 33. dxe4
fxe4 34. Bc1 e3+ 35. Kg3 Ra8 36. a6 Kb6 37. c4 Ndb4 38. f4 Nc2 39. Nxd4 cxd4
40. Bxe3 dxe3 41. Rad1 Nxe1 42. Rxe1 Rxa6 43. Rxe3 Bd4 44. Re6 Kc5 45. fxg5
hxg5 46. b3 Ra3 47. Kg4 Rxb3 48. Kxg5 Rc3 49. g4 Rxc4 50. h4 Kd5 51. Re2 Ne5
52. h5 Bc3 53. Rg2 Ke6 54. h6 Rc7 55. Re2 Kf7 56. Kf5 Re7 57. Rc2 Bd4 58. g5
Ng6 59. Rc8 Re5+ 60. Kg4 Re4+ 61. Kg3 Ne7 62. Rc1 Kg6 63. Kf3 Re3+ 64. Kf4
Nd5+ 65. Kg4 Re4+ 66. Kg3 Kxg5 67. Rh1 Re8 68. Rd1 Be5+ 69. Kf2 Nf6 70. h7
Nxh7 71. Kf3 Nf6 72. Rd3 Kf5 73. Rd1 Rh8 74. Rf1 Bf4 75. Rd1 Rh3+ 76. Kg2
Kg4 77. Rh1 Rd3 78. Rf1 Ne4 79. Rd1 Rc3 80. Kf1 Rc2 81. Rd3 Bg3 82. Rd4 Kf4
83. Rd3 Bf2 84. Rf3+ Kg4 85. Rd3 Bc5 86. Ke1 Kf4 87. Kd1 Ra2 88. Ke1 Be3 89.
Kf1 Kf3 90. Rxe3+ Kxe3 91. Kg1 Kf3 92. Kh1 Kg3 93. Kg1 Ra1# {White
checkmated} 0-1

[Event "GambitGuide"]
[Site "Internet Chess Club"]
[Date "2014.10.30"]
[Round "1"]
[White "JSBach"]
[Black "zigzag2002"]
[Result "1-0"]
[ICCResult "Black forfeits on time"]
[WhiteElo "1662"]
[BlackElo "1915"]
[Opening "Vienna: `Frankenstein-Dracula' variation"]
[ECO "C27"]
[NIC "VG.02"]
[Time "16:48:50"]
[TimeControl "120+12"]

1. e4 e5 2. Nc3 Nf6 3. Bc4 Nxe4 4. Qh5 Nd6 5. Bb3 Nc6 6. Nb5 g6 7. Qf3 f5 8.
Qd5 Qe7 9. Nxc7+ Kd8 10. Nxa8 b6 11. Ba4 Bb7 12. Nxb6 axb6 13. Qb3 Kc7 14.
Ne2 Bg7 15. Nc3 Qg5 16. Nd5+ Kb8 17. g3 Nd4 18. Qxb6 Nc4 19. Qc7+ Ka8 20.
Qxc4 Rc8 21. Nb6+ Kb8 22. Nxc8 Bxc8 23. Qb4+ Bb7 24. Qd6+ Ka7 25. Qxd7 Nf3+
26. Kf1 Qg4 27. c3 Qc4+ 28. d3 Qg4 29. h3 Qh5 30. Bc6 {Black forfeits on
time} 1-0

[Event "GambitGuide"]
[Site "Internet Chess Club"]
[Date "2014.10.30"]
[Round "1"]
[White "JSBach"]
[Black "Chisel"]
[Result "1-0"]
[ICCResult "Black resigns"]
[WhiteElo "1662"]
[BlackElo "1806"]
[Opening "Vienna: `Frankenstein-Dracula' variation"]
[ECO "C27"]
[NIC "VG.02"]
[Time "16:54:00"]
[TimeControl "120+12"]

1. e4 e5 2. Nc3 Nf6 3. Bc4 Nxe4 4. Qh5 Nd6 5. Bb3 Nc6 6. Nb5 g6 7. Qf3 f5 8.
Qd5 Qe7 9. Nxc7+ Kd8 10. Nxa8 b6 11. Ba4 Bb7 12. Nxb6 axb6 13. Qb3 Nd4 14.
Qxb6+ Kc8 15. Kf1 Bh6 16. d3 Bxc1 17. Rxc1 Re8 18. Re1 Qh4 19. Qxd6
{Black resigns}
1-0

[Event "GambitGuide"]
[Site "Internet Chess Club"]
[Date "2014.10.30"]
[Round "1"]
[White "JSBach"]
[Black "Zheus"]
[Result "1-0"]
[ICCResult "Black resigns"]
[WhiteElo "1662"]
[BlackElo "2019"]
[Opening "Vienna: `Frankenstein-Dracula' variation"]
[ECO "C27"]
[NIC "VG.02"]
[Time "16:54:21"]
[TimeControl "120+12"]

1. e4 e5 2. Nc3 Nf6 3. Bc4 Nxe4 4. Qh5 Nd6 5. Bb3 Nc6 6. Nb5 g6 7. Qf3 f5 8.
Qd5 Qe7 9. Nxc7+ Kd8 10. Nxa8 b6 11. Ba4 Bb7 12. Nxb6 axb6 13. Qb3 Kc7 14.
Ne2 Bh6 15. d3 Bxc1 16. Rxc1 Qg5 17. O-O f4 18. Nc3 f3 19. Nd5+ Kb8 20. g3
Qg4 21. Bxc6 Qh3 22. Ne3 Nf5 23. Bxd7 Rd8 24. Bxf5 gxf5 25. Qxb6 Rg8 26. Qe6
Rg6 27. Qxe5+ {Black resigns} 1-0

[Event "GambitGuide"]
[Site "Internet Chess Club"]
[Date "2014.10.30"]
[Round "1"]
[White "JSBach"]
[Black "jewels2"]
[Result "1-0"]
[ICCResult "Black checkmated"]
[WhiteElo "1662"]
[BlackElo "1124"]
[Opening "Vienna: `Frankenstein-Dracula' variation"]
[ECO "C27"]
[NIC "VG.02"]
[Time "16:51:13"]
[TimeControl "120+12"]

1. e4 e5 2. Nc3 Nf6 3. Bc4 Nxe4 4. Qh5 Nd6 5. Bb3 Nc6 6. Nb5 g6 7. Qf3 f5 8.
Qd5 Qe7 9. Nxc7+ Kd8 10. Nxa8 b6 11. Ba4 Bb7 12. Nxb6 axb6 13. Qb3 Kc7 14.
Ne2 Ba6 15. Nc3 Nd4 16. Nd5+ Kd8 17. Qxb6+ Ke8 18. Nxe7 Kxe7 19. Qxa6 Bg7
20. c3 Ne6 21. Qa7 Nf4 22. Qxd7+ Kf6 23. Qxd6+ Kg5 24. Qe7+ Bf6 25. h4+ Kh6
26. Qxf6 Nd3+ 27. Ke2 Nf4+ 28. Kf3 Rc8 29. Qxe5 Nd3 30. Qe3+ f4 31. Qxd3 Rf8
32. Qd6 Kh5 33. Qxf8 h6 34. Qc5+ g5 35. Be8# {Black checkmated} 1-0

[Event "GambitGuide"]
[Site "Internet Chess Club"]
[Date "2014.10.30"]
[Round "1"]
[White "JSBach"]
[Black "clicklock"]
[Result "1-0"]
[ICCResult "Black resigns"]
[WhiteElo "1662"]
[BlackElo "1336"]
[Opening "Vienna: `Frankenstein-Dracula' variation"]
[ECO "C27"]
[NIC "VG.02"]
[Time "16:53:48"]
[TimeControl "120+12"]

1. e4 e5 2. Nc3 Nf6 3. Bc4 Nxe4 4. Qh5 Nd6 5. Bb3 Nc6 6. Nb5 g6 7. Qf3 f5 8.
Qd5 Qe7 9. Nxc7+ Kd8 10. Nxa8 b6 11. Ba4 b5 12. Bxb5 Nxb5 13. Qxb5 Qb4 14.
Qxb4 Nxb4 15. Ke2 Nxc2 16. Rb1 Bb7 17. Nf3 Bxa8 18. Rg1 Be4 19. d3 Bd5 20.
Bg5+ Be7 21. Bxe7+ Kxe7 22. Nxe5 Bxa2 23. Rbc1 Nd4+ 24. Ke3 Ne6 25. Ra1 Bd5
26. Rxa7 Rb8 27. Rxd7+ Kf6 28. f4 Nc5 29. Rxd5 {Black resigns} 1-0

[Event "GambitGuide"]
[Site "Internet Chess Club"]
[Date "2014.10.30"]
[Round "1"]
[White "JSBach"]
[Black "Zheus"]
[Result "1-0"]
[ICCResult "Black resigns"]
[WhiteElo "1662"]
[BlackElo "2019"]
[Opening "Vienna: `Frankenstein-Dracula' variation"]
[ECO "C27"]
[NIC "VG.02"]
[Time "16:55:08"]
[TimeControl "120+12"]

1. e4 e5 2. Nc3 Nf6 3. Bc4 Nxe4 4. Qh5 Nd6 5. Bb3 Nc6 6. Nb5 g6 7. Qf3 f5 8.
Qd5 Qe7 9. Nxc7+ Kd8 10. Nxa8 b6 11. Ba4 Bb7 12. Nxb6 axb6 13. Qb3 Kc7 14.
Ne2 Bh6 15. a3 Na5 16. Qh3 Bg5 17. O-O f4 18. d4 f3 19. Bxg5 Qxg5 20. Qxd7+
Kb8 21. Qxd6+ Ka7 22. Ng3 h6 23. gxf3 {Black resigns} 1-0

[Event "GambitGuide"]
[Site "Internet Chess Club"]
[Date "2014.10.30"]
[Round "1"]
[White "JSBach"]
[Black "coleman"]
[Result "0-1"]
[ICCResult "White checkmated"]
[WhiteElo "1662"]
[BlackElo "1329"]
[Opening "Vienna: `Frankenstein-Dracula' variation"]
[ECO "C27"]
[NIC "VG.02"]
[Time "16:53:20"]
[TimeControl "120+12"]

1. e4 e5 2. Nc3 Nf6 3. Bc4 Nxe4 4. Qh5 Nd6 5. Bb3 Nc6 6. Nb5 g6 7. Qf3 f5 8.
Qd5 Qe7 9. Nxc7+ Kd8 10. Nxa8 b6 11. Ba4 Bb7 12. Nxb6 axb6 13. Qb3 Kc7 14.
Ne2 Nd4 15. Nxd4 exd4+ 16. Kf1 Ba6+ 17. d3 b5 18. Bxb5 Bxb5 19. Bf4 Bc6 20.
Qb4 Qf6 21. Qa5+ Kb7 22. Be5 Qg5 23. Bxh8 Qxg2+ 24. Ke2 Bf3+ 25. Kd2 Bh6+
26. Ke1 Qxh1# {White checkmated} 0-1

[Event "GambitGuide"]
[Site "Internet Chess Club"]
[Date "2014.10.30"]
[Round "1"]
[White "JSBach"]
[Black "PazificDreams"]
[Result "0-1"]
[ICCResult "White checkmated"]
[WhiteElo "1662"]
[BlackElo "2724"]
[Opening "Vienna: `Frankenstein-Dracula' variation"]
[ECO "C27"]
[NIC "VG.02"]
[Time "16:54:21"]
[TimeControl "120+12"]

1. e4 e5 2. Nc3 Nf6 3. Bc4 Nxe4 4. Qh5 Nd6 5. Bb3 Nc6 6. Nb5 g6 7. Qf3 f5 8.
Qd5 Qe7 9. Nxc7+ Kd8 10. Nxa8 b6 11. Ba4 Bb7 12. Nxb6 axb6 13. Qb3 Kc7 14.
Ne2 Ne4 15. d3 Nc5 16. Qa3 Qf6 17. Bb5 Bg7 18. Be3 Ra8 19. Qc3 Qe7 20. Bxc5
bxc5 21. a4 Nd4 22. Qc4 Bxg2 23. Ng3 d5 24. Qa2 Nxb5 25. Rg1 Bf3 26. Qb3 Nd4
27. Qc3 Kd6 28. a5 Qb7 29. Ra4 Qb5 30. b3 Bh6 31. Kf1 Bf4 32. Ra2 g5 33. Ra4
h5 34. Ke1 h4 35. Rxd4 exd4 36. Nxf5+ Ke5 37. Nxd4 cxd4 38. Qb2 Qxa5+ 39. b4
Qa1+ 40. Qxa1 Rxa1# {White checkmated} 0-1

[Event "GambitGuide"]
[Site "Internet Chess Club"]
[Date "2014.10.30"]
[Round "1"]
[White "JSBach"]
[Black "Zheus"]
[Result "1-0"]
[ICCResult "Black resigns"]
[WhiteElo "1662"]
[BlackElo "2019"]
[Opening "Vienna: `Frankenstein-Dracula' variation"]
[ECO "C27"]
[NIC "VG.02"]
[Time "16:55:39"]
[TimeControl "120+12"]

1. e4 e5 2. Nc3 Nf6 3. Bc4 Nxe4 4. Qh5 Nd6 5. Bb3 Nc6 6. Nb5 g6 7. Qf3 f5 8.
Qd5 Qe7 9. Nxc7+ Kd8 10. Nxa8 b6 11. Ba4 Bb7 12. Nxb6 axb6 13. Qb3 Kc7 14.
Ne2 Na5 15. Qg3 Ne4 16. Qh3 Qc5 17. O-O b5 18. Bb3 Nxb3 19. Qxb3 Bd5 20. Qd3
Bc4 21. Qf3 Ng5 22. Qa8 Bxe2 23. Re1 Qxc2 24. Qa7+ Kd8 25. Qb8+ Qc8 26. Qxe5
Nf7 27. Qf6+ Ke8 28. Rxe2+ {Black resigns} 1-0